 Dungeon Crawl Stone Soup version 0.24.0-41-g2ae2f7f1be (webtiles) character file.

Game seed: 11840678015757057162, levelgen mode: deterministic

18 Gwanngwann the Grave Robber (level 2, 0/20 HPs)
             Began as a Ghoul Necromancer on Dec 13, 2019.
             Slain by a hobgoblin
             ... wielding a +0 club
              (4 damage)
             ... on level 1 of the Dungeon.
             The game lasted 00:08:01 (452 turns).

Gwanngwann the Grave Robber (Ghoul Necromancer)      Turns: 452, Time: 00:08:01

Health: 0/20       AC:  2    Str: 11    XL:     2   Next: 66%
Magic:  3/3        EV: 12    Int: 10    God:
Gold:   12         SH:  0    Dex:  9    Spells: 3/4 levels left

rFire    . . .     SeeInvis .   (no weapon)
rCold    + . .     Gourm    .   (no shield)
rNeg     + + +     Faith    .   a - +0 robe
rPois    ∞         Spirit   .   (no helmet)
rElec    .         Reflect  .   (no cloak)
rCorr    +         Harm     .   (no gloves)
MR       .....                  (no boots)
Stlth    ++........             (no amulet)
HPRegen  0.00/turn              e - ring of resist corrosion
MPRegen  0.08/turn              (no ring)

@: rotting
A: rotting body, claws 1, carnivore, cold resistance 1, negative energy
resistance 3, inhibited regeneration, torment resistance, unbreathing
a: no special abilities


You were on level 1 of the Dungeon.
You were not hungry.

You visited 1 branch of the dungeon, and saw 1 of its levels.

You collected 12 gold pieces.

Inventory:

Hand Weapons
 g - a cursed -1 short sword
 n - a +0 dagger of venom
Missiles
 l - 12 arrows
 m - 53 stones (quivered)
Armour
 a - a +0 robe (worn)
 b - a +0 leather armour
Jewellery
 e - a ring of resist corrosion (left claw)
 i - an uncursed ring of poison resistance {unknown}
Potions
 h - a potion of heal wounds {unknown}
 j - a potion of flight {unknown}
Comestibles
 c - 2 rations


   Skills:
 + Level 0.1 Fighting
 + Level 1.8 Dodging
 + Level 2.2 Stealth
 + Level 0.2 Unarmed Combat
 + Level 1.9 Spellcasting
 + Level 4.5 Necromancy


You had 3 spell levels left.
You knew the following spells:

 Your Spells              Type           Power        Failure   Level  Hunger
a - Pain                  Necr           ##..         4%          1    ##.....

Your spell library contained the following spells:

 Spells                   Type           Power        Failure   Level  Hunger
 Animate Skeleton         Necr           N/A          4%          1    ##.....
 Vampiric Draining        Necr           ##........   14%         3    ####...
 Regeneration             Chrm/Necr      #.........   36%         3    ####...
 Animate Dead             Necr           N/A          43%         4    #####..


Dungeon Overview and Level Annotations

Branches:
Dungeon (1/15)

Altars:


Innate Abilities, Weirdness & Mutations

Your body is rotting away.
You thrive on raw meat.
You are immune to poison.
You have sharp fingernails.
You are carnivorous and can eat meat at any time.
Your flesh is cold resistant. (rC+)
You are immune to negative energy. (rN+++)
You do not regenerate when monsters are visible.
You are immune to unholy pain and torment.
You can survive without breathing.


Message History

A hobgoblin comes into view. It is wielding a +0 club.
You scratch the frilled lizard.
You kill the frilled lizard!
The kobold throws a stone.
The stone hits you.
* * * LOW HITPOINT WARNING * * *
The kobold hits you with a +0 club.
* * * LOW HITPOINT WARNING * * *
You see here a frilled lizard corpse.
You scratch the kobold but do no damage.
The kobold hits you with a +0 club.
* * * LOW HITPOINT WARNING * * *
You scratch the kobold.
You kill the kobold!
You eat the chunk of flesh.
This raw flesh tastes great!
Keep disrobing?
You start removing your armour.
You continue taking off your +0 robe. x2
The hobgoblin closely misses you.
You continue taking off your +0 robe.
The hobgoblin hits you with a +0 club.
You die...

.# ..## .#g.
#######?.# ..##..%.#
######## #.##(# .#
......)#####.##.# .#
######.........)##.#
#######....@g.#
######..# ####


You could see a hobgoblin.

Vanquished Creatures
  A dart slug (D:1)
  2 giant cockroaches (D:1)
  2 goblins (D:1)
  2 bats (D:1)
  2 frilled lizards (D:1)
  7 kobolds (D:1)
  3 rats (D:1)
19 creatures vanquished.

Notes
Turn   | Place    | Note
-------+----------+-------------------------------------------
     0 | D:1      | Gwanngwann the Ghoul Necromancer began the quest for the
                  | Orb.
     0 | D:1      | Reached XP level 1. HP: 14/14 MP: 2/2
    53 | D:1      | Reached XP level 2. HP: 14/20 MP: 0/3
   362 | D:1      | HP: 1/20 [dart slug/slug dart (4)]
   452 | D:1      | Slain by a hobgoblin

Levels and vault maps discovered:
D:1:      roderic_dead_forest, layout_rooms, minmay_crystal_water,
          item_on_display_a

Action                   || total
-------------------------++-------
Melee: Unarmed           ||    65
 Cast: Pain              ||     8
  Use: Scroll            ||     4
  Eat: Chunk             ||     4
Armor: Robe              ||    16
Dodge: Dodged            ||    56
